[Event "Team 45 45 League T54"]
[Site "Internet Chess Club"]
[Date "2012.10.07"]
[Round "8"]
[White "mmf00"]
[Black "lasker25"]
[Result "0-1"]
[WhiteElo "2059"]
[BlackElo "1936"]
[Opening "Pirc: classical, h3 system"]
[ECO "B08"]
[Time "13:00:10"]
[TimeControl "2700+45"]

1. e4 d6 2. d4 Nf6 3. Nc3 g6 4. Nf3 Bg7 5. h3 O-O 6. Be3 c6 7. Bd3 Nbd7 8. O-O
e5 9. dxe5 dxe5 10. Qe2 Qe7 11. a4 Nc5 12. Rfd1 Nxd3 13. Qxd3 Re8 14. Qd6 Nd7
15. Qxe7 Rxe7 16. a5 f6 17. Rd2 Kf7 18. Rad1 Nf8 19. b4 Be6 20. b5 Bc4 21. bxc6
bxc6 22. Rb1 Ne6 23. g3 Bf8 24. Na4 Rc7 25. Ne1 c5 26. c3 f5 27. exf5 gxf5 28.
Nf3 Kf6 29. Rdb2 Bd5 30. Ne1 f4 31. Bd2 Bc6 32. Ra1 fxg3 33. fxg3 Rg7 34. Kh2
Bd6 35. Be3 Rag8 36. Rf2+ Ke7 37. g4 h5 38. Nd3 hxg4 39. Rff1 gxh3 40. Rg1 e4+
41. Nf4 Rxg1 42. Bxg1 Bxf4+ 43. Kxh3 Bxa4 44. Rxa4 Rxg1 45. Rxe4 Kd6 46. Re2
Rg3+ 47. Kh4 Rxc3 48. Kg4 Be5 49. a6 Rg3+ 50. Kh4 Ra3 51. Kg4 Rxa6 52. Re4 Ra3
53. Kh5 Nd4 54. Kg5 Rg3+ 55. Kh5 c4 56. Kh4 c3 57. Rxd4+ Bxd4 58. Kxg3 c2 59.
Kf3 c1=Q 60. Ke4 Qe3+ 61. Kf5 Qe5+ 62. Kg4 Qf6 63. Kg3 Qf5 64. Kg2 Qf4 65. Kh1
Qg5 66. Kh2 Qg4 {White resigns} 0-1

[Event "Team 45 45 League T54"]
[Site "Internet Chess Club"]
[Date "2012.10.05"]
[Round "8"]
[White "CheeryCherry"]
[Black "rook9999"]
[Result "1/2-1/2"]
[WhiteElo "1626"]
[BlackElo "1906"]
[Opening "Sicilian defense"]
[ECO "B30"]
[Time "19:14:29"]
[TimeControl "2700+45"]

1. e4 c5 2. Nf3 Nc6 3. c3 d5 4. exd5 Qxd5 5. d4 Nf6 6. Be2 Bg4 7. c4 Qd6 8. d5
Ne5 9. O-O Bxf3 10. Bxf3 Nxf3+ 11. Qxf3 g6 12. Bf4 Qd7 13. Nc3 Bg7 14. Nb5 O-O
15. d6 exd6 16. Bxd6 Rfc8 17. Rad1 Qc6 18. Qxc6 Rxc6 19. Be5 Re8 20. Bc3 a6 21.
Nd6 Re7 22. Rd2 Ne4 23. Nxe4 Rxe4 24. Rd8+ Bf8 25. Rfd1 Rce6 26. Rb8 b6 27. f3
Re8 28. Rxb6 R4e6 29. Rxe6 Rxe6 30. Kf2 f5 31. g3 Kf7 32. h3 h5 33. a3 Be7 34.
b4 cxb4 35. axb4 Rc6 36. c5 a5 37. bxa5 Bxc5+ 38. Kf1 Bd6 39. Be1 Ke6 40. Ra1
Ra6 41. Rb1 Bc7 42. Rb5 Rd6 43. Rc5 Bd8 44. Ke2 g5 45. Bc3 Rd5 46. Rxd5 Kxd5 47.
Kd3 g4 48. hxg4 fxg4 49. f4 h4 50. gxh4 Bxh4 51. a6 Kc6 52. Bd4 Be7 53. Ke4 Bd6
54. Kf5 Bxf4 55. Kxf4 Kc7 56. Ba7 Kc6 57. Bd4 Kc7 58. Kxg4 Kb8 59. Kf4 Ka8 60.
Ke5 Kb8 61. Kd5 Ka8 62. Kc6 Kb8 63. Kb5 Ka8 64. Be5 Ka7 65. Bc7 Ka8 66. Bb6 Kb8
67. Kc6 Ka8 68. Kd7 Kb8 69. Kd8 Ka8 70. a7 Kb7 71. Kd7 Ka8 72. Bc5 Kb7 73. Kd8
Ka8 74. Kc8 {Black stalemated} 1/2-1/2

[Event "Team 45 45 League T54"]
[Site "Internet Chess Club"]
[Date "2012.10.08"]
[Round "8"]
[White "zigzag2002"]
[Black "rayonline53"]
[Result "1-0"]
[WhiteElo "1943"]
[BlackElo "1631"]
[Opening "Caro-Kann: exchange, Rubinstein variation"]
[ECO "B13"]
[Time "19:09:07"]
[TimeControl "2700+45"]

1. e4 c6 2. d4 d5 3. exd5 cxd5 4. Bd3 Nc6 5. c3 Nf6 6. Bf4 g6 7. Nf3 Bg7 8. Nbd2
O-O 9. O-O Nh5 10. Bg5 Qc7 11. Re1 Bg4 12. h3 Bxf3 13. Nxf3 Nf6 14. Bh4 e6 15.
Bg3 Qd7 16. Qe2 Ne8 17. Rad1 Nd6 18. Bh2 Rac8 19. b4 a6 20. Nd2 b5 21. Nb3 Nb7
22. f4 Rfe8 23. Rf1 Ne7 24. Nc5 Nxc5 25. bxc5 Nc6 26. Kh1 Na5 27. g4 Nc4 28. Qf2
Rc6 29. Rg1 f5 30. Rde1 Kf7 31. Qg2 Bh6 32. Qf2 Bg7 33. Bg3 Bf6 34. Bh4 Bxh4 35.
Qxh4 Rh8 36. Re2 Qd8 37. Qg3 Qd7 38. Rge1 Re8 39. Qh4 Rh8 40. gxf5 gxf5 41. Bxf5
{Black resigns} 1-0

[Event "Team 45 45 League T54"]
[Site "Internet Chess Club"]
[Date "2012.10.07"]
[Round "8"]
[White "nursey"]
[Black "Nikhil03"]
[Result "0-1"]
[WhiteElo "1637"]
[BlackElo "1683"]
[Opening "Sicilian: closed"]
[ECO "B23"]
[Time "16:04:07"]
[TimeControl "2700+45"]

1. e4 c5 2. Nc3 g6 3. d4 e6 4. Nf3 Nc6 5. Bg5 Qb6 6. Rb1 cxd4 7. Nb5 Bb4+ 8. c3
a6 9. Nbxd4 Nxd4 10. Qxd4 Qxd4 11. Nxd4 Bc5 12. Nb3 Ba7 13. Rd1 f6 14. Bf4 e5
15. Bg3 Ne7 16. Bc4 b5 17. Bd3 Bb6 18. f4 exf4 19. Bxf4 Bb7 20. Kd2 d5 21. e5
O-O 22. Rhe1 fxe5 23. Bxe5 Rf2+ 24. Re2 Rxe2+ 25. Kxe2 Rf8 26. Nd4 Nc6 27. Nxc6
Rf2+ 28. Ke1 Bxc6 29. Rd2 Rf7 30. b3 Bd7 31. a3 Bg4 32. Bg3 Be3 33. Rc2 Re7 34.
Kf1 Bd1 35. Rb2 Bg5 36. c4 Re3 37. Rd2 Bxb3 38. Bf2 Rxd3 39. Rxd3 Bxc4 40. Ke2
Kf7 41. Bd4 Ke6 42. g3 Kf5 43. h3 Ke4 {White resigns} 0-1

[Event "Team 45 45 League T54"]
[Site "Internet Chess Club"]
[Date "2012.10.05"]
[Round "8"]
[White "seikster"]
[Black "HomerSimpson"]
[Result "0-1"]
[WhiteElo "1954"]
[BlackElo "2131"]
[Opening "Owen defense"]
[ECO "B00"]
[Time "20:09:23"]
[TimeControl "2700+45"]

1. e4 b6 2. d4 Bb7 3. Bd3 Nf6 4. Qe2 Nc6 5. c3 e5 6. d5 Ne7 7. Nf3 d6 8. O-O g6
9. Bg5 Nd7 10. Bb5 Bg7 11. Nfd2 h6 12. Be3 O-O 13. c4 f5 14. f3 f4 15. Bf2 g5
16. Nc3 Nf6 17. b4 h5 18. c5 g4 19. c6 Bc8 20. Ba6 Ng6 21. Bb7 Rb8 22. Qa6 h4
23. Qxa7 Bxb7 24. cxb7 g3 25. Be1 h3 26. gxh3 Nh5 27. Ne2 Qd7 28. hxg3 fxg3 29.
Nxg3 Nhf4 30. Nf5 Nxh3+ 31. Kh2 Ngf4 32. Bh4 Kf7 33. Rg1 Nxg1 34. Rxg1 Ng6 35.
Rg2 Rh8 36. Kg1 Bf6 37. Bxf6 Kxf6 38. Nc4 Qh7 39. Nce3 Qh1+ 40. Kf2 Nf4 41. Ng4+
Kg5 42. Nge3+ Nxg2 43. Nxg2 Qd1 44. Ne7 Rh3 45. Qa3 Qd2+ 46. Kg1 Rg3 {White
resigns} 0-1

[Event "Team 45 45 League T54"]
[Site "Internet Chess Club"]
[Date "2012.10.07"]
[Round "8"]
[White "alexdb"]
[Black "creditordebit"]
[Result "0-1"]
[WhiteElo "1865"]
[BlackElo "1834"]
[Opening "Sicilian"]
[ECO "B50"]
[Time "19:54:13"]
[TimeControl "2700+45"]

1. e4 c5 2. Nf3 d6 3. c3 Nf6 4. Be2 Nc6 5. d3 Bd7 6. h3 e5 7. Be3 Be7 8. Nbd2
O-O 9. O-O Qc7 10. Rc1 d5 11. Bg5 Be6 12. Bh4 Rad8 13. Qc2 dxe4 14. dxe4 Nh5 15.
Bc4 Bxh4 16. Bxe6 Bxf2+ 17. Rxf2 fxe6 18. Qb3 Nf4 19. Rcf1 a6 20. Nc4 b5 21. Ne3
c4 22. Qc2 Nd3 23. Re2 Ne7 24. b3 Ng6 25. bxc4 Ngf4 26. Rd2 Qc5 27. Re2 bxc4 28.
Kh2 Nxe2 29. Qxe2 Nf4 30. Qf2 Rd3 31. Ng4 Qxf2 32. Rxf2 Rxc3 33. Nfxe5 Nd3 34.
Rd2 h5 35. Nxd3 Rxd3 36. Rxd3 cxd3 37. Ne3 Rd8 38. Kg1 d2 39. Nd1 Rd4 40. Kf2
Rxe4 41. g3 Re1 42. Nc3 d1=Q 43. Nxd1 Rxd1 44. Ke2 Ra1 45. Kd2 Rxa2+ 46. Ke3 Rh2
47. h4 a5 48. Kd3 a4 49. Kc3 a3 50. Kd4 a2 51. Ke5 a1=Q+ 52. Kxe6 Re2+ 53. Kd5
Qe5+ 54. Kc4 Re4+ 55. Kd3 Qd4+ 56. Kc2 Re3 57. Kc1 Re2 58. Kb1 Qb2# {White
checkmated} 0-1

[Event "Team 45 45 League T54"]
[Site "Internet Chess Club"]
[Date "2012.10.03"]
[Round "8"]
[White "wildkingdumb2"]
[Black "IshanR"]
[Result "0-1"]
[WhiteElo "1734"]
[BlackElo "1875"]
[Opening "Nimzovich-Larsen attack: Indian variation"]
[ECO "A01"]
[Time "20:00:24"]
[TimeControl "2700+45"]

1. b3 Nf6 2. Bb2 d5 3. e3 c5 4. Nf3 Nc6 5. Bb5 e6 6. Ne5 Qc7 7. Bxc6+ bxc6 8.
O-O Ba6 9. d3 Bd6 10. f4 O-O-O 11. Nd2 Bb7 12. Qf3 Rdf8 13. a4 Ne8 14. e4 f6 15.
Ng4 h5 16. Ne3 g5 17. g3 h4 18. fxg5 hxg3 19. Ng4 gxh2+ 20. Kh1 fxg5 21. Qg2 d4
22. Nf3 Bf4 23. e5 Ng7 24. Nf6 Nf5 25. Ne4 Ne3 26. Qf2 g4 27. Nd6+ Kb8 28. Nh4
g3 29. Qxf4 Rxf4 30. Rxf4 Qg7 31. Ng2 Qxe5 32. Nf7 Qd5 33. Re4 Rf8 34. Nxe3 dxe3
35. Be5+ Ka8 36. Nd6 e2 {White resigns} 0-1

[Event "Team 45 45 League T54"]
[Site "Internet Chess Club"]
[Date "2012.10.08"]
[Round "8"]
[White "SlimeDog2"]
[Black "Sir-Sinister"]
[Result "1/2-1/2"]
[WhiteElo "2125"]
[BlackElo "2035"]
[Opening "Queen's pawn: Lundin (Kevitz-Mikenas) defense"]
[ECO "A40"]
[Time "22:05:34"]
[TimeControl "2700+45"]

1. d4 Nc6 2. d5 Ne5 3. e4 e6 4. dxe6 fxe6 5. Nc3 Nf6 6. f4 Nc6 7. e5 Ng8 8. Bd3
Nge7 9. Nf3 Nf5 10. Qe2 Bc5 11. Bd2 b6 12. O-O-O Bb7 13. g4 Nfd4 14. Qf1 Nb4 15.
Ne4 Nxd3+ 16. Qxd3 Nxf3 17. Qxf3 Bd5 18. Qd3 Qh4 19. c4 Bc6 20. Nxc5 bxc5 21.
Be3 O-O {Game drawn by mutual agreement} 1/2-1/2

[Event "Team 45 45 League T54"]
[Site "Internet Chess Club"]
[Date "2012.10.07"]
[Round "8"]
[White "MeoPatacca"]
[Black "cesaralexander"]
[Result "0-1"]
[WhiteElo "1843"]
[BlackElo "1905"]
[Opening "Queen's pawn, Mason variation"]
[ECO "D00"]
[Time "15:07:02"]
[TimeControl "2700+45"]

1. d4 d5 2. Bf4 c6 3. e3 Nf6 4. c4 Bf5 5. Qb3 Qc8 6. Nc3 e6 7. Rc1 Nbd7 8. cxd5
Nxd5 9. Bg3 N7f6 10. Be2 Ne4 11. Nxe4 Bxe4 12. f3 Bg6 13. a3 a5 14. Kf2 h5 15.
h4 a4 16. Qc4 Qd7 17. Nh3 Bd6 18. Bxd6 Qxd6 19. Rhd1 O-O 20. Bd3 Qe7 21. g3 Bxd3
22. Qxd3 e5 23. e4 Nf6 24. dxe5 Qxe5 25. Qd4 Qb5 26. Nf4 Rfd8 27. Qc3 Re8 28.
Nd3 Rxe4 29. Qc5 Qxc5+ 30. Nxc5 Re7 31. Rd4 b5 32. Nd3 Rc8 33. Rc5 g6 34. Rd6
Re6 35. Rxe6 fxe6 36. Ne5 Rd8 37. Rc2 Kg7 38. Nxc6 Rc8 39. Nd4 Rxc2+ 40. Nxc2
Nd5 41. Nd4 Nc7 42. f4 Kf6 43. Nc6 Kf5 44. Kf3 Nd5 45. Nd4+ Kf6 46. Nxb5 Nb6 47.
Nc3 Kf5 48. Nd1 Nd5 49. Ne3+ Nxe3 50. Kxe3 Kg4 51. Kf2 Kh3 52. Kf3 Kh2 53. Kf2
Kh3 54. Kf3 Kh2 55. g4 Kh3 56. gxh5 gxh5 57. Ke4 Kxh4 {White resigns} 0-1

[Event "Team 45 45 League T54"]
[Site "Internet Chess Club"]
[Date "2012.10.06"]
[Round "8"]
[White "Warpdrive"]
[Black "ChessChamp"]
[Result "1-0"]
[WhiteElo "1661"]
[BlackElo "1726"]
[Opening "Ruy Lopez: Marshall counter-attack"]
[ECO "C89"]
[Time "16:58:13"]
[TimeControl "2700+45"]

1. e4 e5 2. Nf3 Nc6 3. Bb5 a6 4. Ba4 Nf6 5. O-O Be7 6. Re1 b5 7. Bb3 O-O 8. c3
d5 9. exd5 Nxd5 10. d4 exd4 11. Nxd4 Nxd4 12. Qxd4 c6 13. Bxd5 cxd5 14. Bf4 Bf6
15. Be5 Re8 16. Nd2 Bxe5 17. Rxe5 Rxe5 18. Qxe5 Be6 19. Nf3 Qd7 20. a3 Re8 21.
Re1 Qc8 22. Qd4 Qc4 23. Qxc4 dxc4 24. Nd4 g6 25. f4 f5 26. Rxe6 Rxe6 27. Nxe6
Kf7 28. Nc7 {Black resigns} 1-0

[Event "Team 45 45 League T54"]
[Site "Internet Chess Club"]
[Date "2012.10.08"]
[Round "8"]
[White "ILRE"]
[Black "CKNIGHT3"]
[Result "0-1"]
[WhiteElo "1534"]
[BlackElo "1737"]
[Opening "English: symmetrical variation"]
[ECO "A35"]
[Time "17:00:07"]
[TimeControl "2700+45"]

1. c4 c5 2. Nc3 Nc6 3. Nf3 e5 4. d3 d6 5. g3 g6 6. Bg2 Bg7 7. O-O Nge7 8. a3 O-O
9. Rb1 a5 10. Bd2 Be6 11. Ne1 d5 12. cxd5 Nxd5 13. Qa4 Nd4 14. Qd1 Rb8 15. Nc2
Nxc3 16. bxc3 Nxc2 17. Qxc2 b5 18. Rfd1 Qe7 19. Qc1 c4 20. Bh6 Bxh6 21. Qxh6
Qxa3 22. Rdc1 cxd3 23. exd3 Qd6 24. d4 exd4 25. cxd4 Qxd4 26. Rd1 Qg7 27. Qg5
Bf5 28. Rbc1 b4 29. g4 Be6 30. Qxa5 Bxg4 31. Re1 b3 32. Re7 b2 33. Rb1 Bf5 34.
Be4 Bxe4 35. Rxe4 Ra8 36. Qe1 Ra1 37. Rc4 Rb8 38. Qe4 Qf6 39. Rc5 Rxb1+ 40. Qxb1
Ra8 41. Kg2 Ra1 {White resigns} 0-1

[Event "Team 45 45 League T54"]
[Site "Internet Chess Club"]
[Date "2012.10.06"]
[Round "8"]
[White "WillC"]
[Black "charles-allen"]
[Result "1/2-1/2"]
[WhiteElo "1663"]
[BlackElo "1882"]
[Opening "Réti: Nimzovich-Larsen attack"]
[ECO "A06"]
[Time "15:59:59"]
[TimeControl "2700+45"]

1. Nf3 d5 2. b3 Nf6 3. Bb2 c6 4. e3 Bg4 5. Be2 Nbd7 6. d4 e6 7. O-O Bd6 8. Nbd2
O-O 9. Rc1 Qe7 10. Ne5 Bxe2 11. Qxe2 Ba3 12. Bxa3 Qxa3 13. Nxd7 Nxd7 14. Ra1 e5
15. dxe5 Nxe5 16. c4 dxc4 17. Nxc4 Nxc4 18. Qxc4 Rad8 19. e4 Rd7 20. e5 Rd5 21.
f4 Rfd8 22. Qe4 Rd4 23. Qf5 Qe7 24. Rae1 Qd7 25. Qg5 Rd2 26. f5 Qd4+ 27. Kh1 f6
28. exf6 Qxf6 29. Re8+ Rxe8 30. Qxd2 Kf7 31. Qf2 a6 32. h3 Re5 33. Qf4 Qe7 34.
g4 Re4 35. Qc1 Qe5 36. Qd1 Re2 37. Qd7+ Kf6 38. Qd8+ Kf7 39. Qd7+ Qe7 40. Qd3
Qe4+ 41. Qxe4 Rxe4 42. Rf2 Kf6 43. Rd2 Ke7 44. Kg2 Re3 45. h4 h6 46. Rf2 a5 47.
Rc2 Kf6 48. Rd2 Ke7 {Game drawn by mutual agreement} 1/2-1/2

[Event "Team 45 45 League T54"]
[Site "Internet Chess Club"]
[Date "2012.10.05"]
[Round "8"]
[White "SymbolicJester"]
[Black "Innes"]
[Result "1-0"]
[WhiteElo "1845"]
[BlackElo "1735"]
[Opening "Four knights: Italian variation"]
[ECO "C47"]
[Time "18:09:00"]
[TimeControl "2700+45"]

1. e4 e5 2. Nf3 Nc6 3. Nc3 Nf6 4. Bc4 Nxe4 5. Nxe4 d5 6. Bd3 dxe4 7. Bxe4 Bd6 8.
O-O Bg4 9. Bxc6+ bxc6 10. d3 O-O 11. h3 Bh5 12. Re1 Re8 13. c3 h6 14. Be3 f5 15.
Qb3+ Bf7 16. Qa4 c5 17. Rad1 f4 18. Bc1 Bd5 19. Nd2 Qg5 20. Ne4 Qg6 21. c4 Be6
22. Kf1 Bxh3 23. gxh3 f3 24. Re3 Qg2+ 25. Ke1 Rf8 26. Kd2 Rab8 27. Kc2 Rb7 28.
Ree1 Qg6 29. Rg1 Qe6 30. Rg3 Rfb8 31. Rdg1 Bf8 32. b3 c6 33. Be3 a5 34. Bxc5 Qf5
35. Bxf8 Qxf8 36. Rg6 Rb4 37. Qxc6 a4 38. Rxg7+ Qxg7 39. Rxg7+ Kxg7 40. Qf6+ Kg8
41. Qg6+ Kf8 42. Qxh6+ Ke8 43. Qe6+ Kf8 44. Qf5+ Kg8 45. Nf6+ {Black resigns}
1-0

[Event "Team 45 45 League T54"]
[Site "Internet Chess Club"]
[Date "2012.10.06"]
[Round "8"]
[White "Packerfan"]
[Black "j65536d"]
[Result "0-1"]
[WhiteElo "1826"]
[BlackElo "1875"]
[Opening "Sicilian: Alapin's variation (2.c3)"]
[ECO "B22"]
[Time "15:30:37"]
[TimeControl "2700+45"]

1. e4 c5 2. c3 d5 3. exd5 Qxd5 4. d4 Nf6 5. Nf3 Nc6 6. Be2 g6 7. O-O Bg7 8. c4
Qd6 9. d5 Ne5 10. Nxe5 Qxe5 11. Nc3 O-O 12. Re1 a6 13. Be3 Qc7 14. Qd2 Re8 15.
Rad1 Bg4 16. h3 Bf5 17. Bf3 Rad8 18. b3 b6 19. Bf4 Qc8 20. Na4 b5 21. Nc3 h5 22.
cxb5 c4 23. bxc4 Qxc4 24. Be2 Qc5 25. bxa6 Be4 26. Nxe4 Nxe4 27. Qe3 Qb4 28. Qb3
Qc5 29. Be3 Qd6 30. a7 Bc3 31. Rf1 Qe5 32. Bf3 Ng3 33. fxg3 Qxe3+ 34. Kh2 Rd6
35. Rfe1 Qxe1 36. Rxe1 Bxe1 37. Qb8 Rdd8 38. Qe5 Bf2 39. Qc7 Rc8 40. Qb7 Rc1 41.
h4 Bg1+ 42. Kh3 Bf2 43. Kh2 Bg1+ 44. Kh3 Bxa7 45. g4 Bb8 46. g3 Rc3 47. gxh5
Rxf3 48. d6 Ra3 49. Qd7 Kf8 50. h6 Bxd6 51. h7 Rxg3+ 52. Kh2 Rg4+ 53. Kh3 Rg3+
54. Kh2 Rg5+ 55. Kh3 Rh5 56. a4 Rxh7 57. a5 Rh5 58. a6 Ra5 59. Qc6 Ra3+ 60. Kg2
Rb8 61. Qc1 Rxa6 62. h5 Be5 63. hxg6 Rxg6+ 64. Kf3 Bd6 65. Qa1 f6 66. Qh1 Rg3+
67. Ke4 Kg7 68. Kd5 Rg5+ 69. Kc6 Rc8+ 70. Kd7 Rc7+ 71. Ke8 e5 72. Qd5 Bf8 73.
Qe6 Re7+ {White resigns} 0-1

[Event "Team 45 45 League T54"]
[Site "Internet Chess Club"]
[Date "2012.10.05"]
[Round "8"]
[White "ChessicalZ"]
[Black "moomaster"]
[Result "1-0"]
[WhiteElo "1836"]
[BlackElo "1781"]
[Opening "English opening"]
[ECO "A13"]
[Time "16:34:36"]
[TimeControl "2700+45"]

1. c4 e6 2. g3 d5 3. Bg2 Nf6 4. Nf3 c5 5. cxd5 exd5 6. d4 Be7 7. O-O O-O 8. dxc5
Bxc5 9. Qc2 Na6 10. Nbd2 Be6 11. Nb3 Rc8 12. Nxc5 Nxc5 13. Be3 Qe7 14. Qd1 b6
15. Rc1 Bd7 16. Nd4 Rfe8 17. Bg5 Nce4 18. Bxf6 Qxf6 19. e3 Ng5 20. Bxd5 Nh3+ 21.
Kg2 Rxc1 22. Qxc1 Qe5 23. Qc4 Qh5 24. Bf3 Qh6 25. Qc7 Bc8 26. Qc6 Ng5 27. Qxe8#
{Black checkmated} 1-0

[Event "Team 45 45 League T54"]
[Site "Internet Chess Club"]
[Date "2012.10.06"]
[Round "8"]
[White "Chatica"]
[Black "carokantor"]
[Result "1-0"]
[WhiteElo "2234"]
[BlackElo "2056"]
[Opening "Caro-Kann: Rasa-Studier gambit"]
[ECO "B15"]
[Time "23:13:57"]
[TimeControl "2700+45"]

1. e4 c6 2. d4 d5 3. Nc3 dxe4 4. f3 Nf6 5. fxe4 e5 6. Nf3 exd4 7. Nxd4 Bg4 8.
Qd3 Bc5 9. Nb3 Nbd7 10. Bg5 O-O 11. h3 Be6 12. Nxc5 Nxc5 13. Qe3 Ncd7 14. e5 Re8
15. O-O-O h6 16. Bxf6 gxf6 17. Qxh6 Bf5 18. g4 Bh7 19. Rxd7 Qxd7 20. Ne4 Bxe4
21. exf6 Qd1+ 22. Kxd1 Rad8+ 23. Kc1 {Black resigns} 1-0

[Event "Team 45 45 League T54"]
[Site "Internet Chess Club"]
[Date "2012.10.08"]
[Round "8"]
[White "alexping"]
[Black "jrobic7"]
[Result "0-1"]
[WhiteElo "1902"]
[BlackElo "1838"]
[Opening "QGD: 4.Nf3"]
[ECO "D37"]
[Time "22:21:42"]
[TimeControl "2700+45"]

1. d4 d5 2. c4 e6 3. Nf3 Nf6 4. Nc3 Nc6 5. e3 Bb4 6. Bd2 O-O 7. b3 Ne4 8. Qc2
Nxd2 9. Nxd2 e5 10. Nxd5 exd4 11. Bd3 Bxd2+ 12. Qxd2 dxe3 13. Nxe3 Qd4 14. Rd1
Rd8 15. O-O Qf4 16. Qc3 Be6 17. a3 Rd7 18. Qc2 g6 19. g3 Qf6 20. Be4 Nd4 21.
Rxd4 Rxd4 22. Bxb7 Rad8 23. Rd1 Rxd1+ 24. Nxd1 Qa1 25. Bf3 Bf5 26. Qe2 Bh3 27.
Qc2 h5 28. a4 Bg4 {White forfeits on time} 0-1

[Event "Team 45 45 League T54"]
[Site "Internet Chess Club"]
[Date "2012.10.08"]
[Round "8"]
[White "cesaralexander"]
[Black "bobhill"]
[Result "1-0"]
[WhiteElo "1923"]
[BlackElo "1937"]
[Opening "QGD: Charousek (Petrosian) variation"]
[ECO "D31"]
[Time "23:07:20"]
[TimeControl "2700+45"]

1. d4 d5 2. c4 e6 3. Nc3 Be7 4. Nf3 h6 5. Bf4 Nf6 6. e3 O-O 7. Qc2 b6 8. cxd5
exd5 9. Nb5 Bb4+ 10. Nd2 Na6 11. Bd3 Bxd2+ 12. Qxd2 c5 13. O-O Ne4 14. Qe2 Be6
15. Rac1 c4 16. Bb1 Qd7 17. Nc3 Nf6 18. a4 Nc7 19. Qc2 a6 20. Be5 Nce8 21. f4 g6
22. Rf3 Bf5 23. Qf2 Bxb1 24. Rxb1 Ng4 25. Qc2 Ng7 26. h3 Nxe5 27. fxe5 b5 28.
axb5 axb5 29. Rf6 Nf5 30. Qf2 b4 31. Ne2 Ra2 32. g4 Ne7 33. e6 Qa7 34. Rxf7 Rxf7
35. Qxf7+ Kh8 36. Nf4 c3 37. bxc3 bxc3 38. Qxe7 Qxe7 39. Nxg6+ Kh7 40. Nxe7 Rb2
41. Rc1 c2 42. Kf2 Rb6 43. Nxd5 Rxe6 44. Rxc2 h5 45. Rc7+ Kh6 46. Nf4 Rf6 47. d5
Kg5 48. Kg3 Rb6 49. h4+ Kf6 50. Rc6+ {Black resigns} 1-0

[Event "Team 45 45 League T54"]
[Site "Internet Chess Club"]
[Date "2012.10.06"]
[Round "8"]
[White "SlimeDog2"]
[Black "QueensCounselor"]
[Result "1-0"]
[WhiteElo "2129"]
[BlackElo "2052"]
[Opening "King's Indian, 3.Nf3"]
[ECO "E60"]
[Time "03:08:38"]
[TimeControl "2700+45"]

1. d4 Nf6 2. c4 g6 3. Nf3 Bg7 4. g3 O-O 5. Bg2 c6 6. Nc3 d5 7. Qb3 dxc4 8. Qxc4
Bf5 9. O-O Nbd7 10. Bf4 Nb6 11. Qb3 Ne4 12. a4 a5 13. Rfd1 Rc8 14. Ne5 Be6 15.
d5 Nc5 16. Qa2 cxd5 17. Nxd5 Nxd5 18. Bxd5 Bxe5 19. Bxe6 {Black resigns} 1-0

[Event "Team 45 45 League T54"]
[Site "Internet Chess Club"]
[Date "2012.10.06"]
[Round "8"]
[White "fledermaus"]
[Black "TerryMalloy"]
[Result "1/2-1/2"]
[WhiteElo "1966"]
[BlackElo "1975"]
[Opening "QGA: classical, Rubinstein variation"]
[ECO "D27"]
[Time "15:21:16"]
[TimeControl "2700+45"]

1. d4 Nf6 2. Nf3 d5 3. c4 dxc4 4. e3 e6 5. Bxc4 c5 6. O-O a6 7. a4 Nc6 8. Nc3
Be7 9. Qe2 cxd4 10. Rd1 O-O 11. exd4 Nd5 12. Ne5 Nxc3 13. bxc3 Nxe5 14. Qxe5 Bd6
15. Qe2 Qc7 16. h3 Bd7 17. Bb2 Bc6 18. Bd3 Qe7 19. Qh5 g6 20. Qh6 Qf6 21. Bc1
Qg7 22. Qh4 Rfe8 23. Bh6 Be7 24. Qf4 Qf6 25. a5 {Game drawn by mutual agreement}
1/2-1/2

[Event "Team 45 45 League T54"]
[Site "Internet Chess Club"]
[Date "2012.10.05"]
[Round "8"]
[White "sonoftill"]
[Black "SaltofLife"]
[Result "1-0"]
[WhiteElo "2014"]
[BlackElo "1765"]
[Opening "Queen's pawn"]
[ECO "A40"]
[Time "15:01:40"]
[TimeControl "2700+45"]

1. d4 e6 2. Nf3 Nf6 3. Bf4 d5 4. e3 c5 5. c3 Nc6 6. Nbd2 Bd6 7. Ne5 Bxe5 8. dxe5
Nd7 9. Qg4 g6 10. Qg3 Qc7 11. Nf3 b6 12. O-O-O Bb7 13. Bb5 h6 14. Qh4 Ne7 15. e4
Bc6 16. Bxc6 Qxc6 17. exd5 Nxd5 18. Bxh6 Ne7 19. Qf4 O-O-O 20. Rd6 Qc7 21. Qxf7
Nf5 22. Bg5 Nxd6 23. exd6 Qxd6 24. Bxd8 Rxd8 25. Qxg6 Qf4+ 26. Kb1 Nf6 27. Qg5
Qa4 28. Rc1 Qe4+ 29. Ka1 Ng4 30. Qh4 Rd7 31. a3 Qf5 32. h3 Nf6 33. Re1 Nd5 34.
Qe4 Qg6 35. Qxg6 {Black resigns} 1-0

[Event "Team 45 45 League T54"]
[Site "Internet Chess Club"]
[Date "2012.10.06"]
[Round "8"]
[White "fishhead"]
[Black "bgolev"]
[Result "1-0"]
[WhiteElo "1840"]
[BlackElo "1809"]
[Opening "Ruy Lopez: closed"]
[ECO "C90"]
[Time "15:05:56"]
[TimeControl "2700+45"]

1. e4 e5 2. Nf3 Nc6 3. Bb5 a6 4. Ba4 Nf6 5. O-O Be7 6. Re1 b5 7. Bb3 d6 8. c3
Na5 9. Bc2 c5 10. d4 Qc7 11. d5 Nc4 12. Nbd2 Nxd2 13. Bxd2 O-O 14. h3 a5 15. Qe2
Ba6 16. g4 b4 17. c4 Ne8 18. b3 Bc8 19. a3 Qb8 20. Nh2 Bd7 21. a4 g5 22. f3 Ng7
23. Qg2 f6 24. h4 Be8 25. Kf2 Bg6 26. Rh1 h6 27. Nf1 Kf7 28. Ng3 Ke8 29. Rh3 Kd7
30. Rah1 gxh4 31. Rxh4 f5 32. Rxh6 fxg4 33. Rxg6 Rxf3+ 34. Ke2 Qf8 35. Nf5 Nxf5
36. Qxg4 Rg3 37. Qxf5+ Qxf5 38. exf5 Rxg6 39. fxg6 Rg8 40. Rh7 Ke8 41. Bh6
{Black resigns} 1-0

[Event "Team 45 45 League T54"]
[Site "Internet Chess Club"]
[Date "2012.10.03"]
[Round "8"]
[White "room-matt"]
[Black "ChessChamp"]
[Result "1/2-1/2"]
[WhiteElo "1838"]
[BlackElo "1747"]
[Opening "Vienna game"]
[ECO "C28"]
[Time "16:02:51"]
[TimeControl "2700+45"]

1. e4 e5 2. Bc4 Nc6 3. Nc3 Nf6 4. d3 Be7 5. f4 d6 6. Nf3 O-O 7. O-O Bg4 8. h3
Bxf3 9. Qxf3 Nd4 10. Qf2 Nh5 11. fxe5 dxe5 12. g3 Bc5 13. Be3 Qd7 14. Kg2 c6 15.
Na4 Bd6 16. Bb3 b5 17. Nc3 Bc5 18. Ne2 a5 19. c3 Nxb3 20. axb3 Bxe3 21. Qxe3
Rfd8 22. Qg5 Nf6 23. Rxf6 Qxd3 24. Kf2 Qxe4 25. Re1 Qc2 26. Rxc6 f6 27. Rxf6 Rf8
28. Rxf8+ Rxf8+ 29. Kg1 Qe4 30. Qg4 Qe3+ 31. Kh1 h5 32. Qxh5 Qe4+ {Game drawn by
mutual agreement} 1/2-1/2

[Event "Team 45 45 League T54"]
[Site "Internet Chess Club"]
[Date "2012.10.09"]
[Round "8"]
[White "moomaster"]
[Black "mellizas2003"]
[Result "1-0"]
[WhiteElo "1794"]
[BlackElo "1708"]
[Opening "Queen's pawn game, Darooha variation "]
[ECO "D02"]
[Time "15:10:49"]
[TimeControl "2700+45"]

1. d4 d5 2. Nf3 Nf6 3. c4 e6 4. g3 c5 5. Bg2 Nc6 6. cxd5 exd5 7. O-O cxd4 8.
Nxd4 Bc5 9. Nxc6 bxc6 10. Qc2 Qb6 11. Nc3 Bxf2+ 12. Rxf2 Ng4 13. e4 Nxf2 14.
Qxf2 d4 15. Na4 Qb4 16. b3 O-O 17. Bd2 Qd6 18. Rc1 Be6 19. e5 Qxe5 20. Bxc6 Rac8
21. Rc5 Qd6 22. Bf4 Qd8 23. b4 a6 24. a3 Bb3 25. Bb7 Rxc5 26. Nxc5 Bc4 27. Qc2
Bb5 28. a4 Bd7 29. Bxa6 Bc6 30. Qf5 Re8 31. Bc4 Qe7 32. Bd2 g6 33. Qf4 Rd8 34.
a5 Kg7 35. a6 f5 36. Ne6+ {Black resigns} 1-0

[Event "Team 45 45 League T54"]
[Site "Internet Chess Club"]
[Date "2012.10.04"]
[Round "8"]
[White "chrisgianno"]
[Black "Signalman"]
[Result "0-1"]
[WhiteElo "1667"]
[BlackElo "1562"]
[Opening "Trompowsky attack (Ruth, Opocenský opening)"]
[ECO "A45"]
[Time "14:25:30"]
[TimeControl "2700+45"]

1. d4 Nf6 2. Bg5 e6 3. e4 c5 4. d5 d6 5. c4 Be7 6. Nc3 Nxe4 7. Bxe7 Nxc3 8. Bxd8
Nxd1 9. Rxd1 Kxd8 10. dxe6 Bxe6 11. Rxd6+ Nd7 12. Nf3 Re8 13. Kd2 Kc7 14. Rd3
Bxc4 15. Rxd7+ Kxd7 16. Bxc4 Rad8 17. Kc3 a6 18. Bxf7 Re2 19. Rf1 b5 20. a3 Ke7
21. Bb3 c4 22. Bc2 h6 23. Re1 Re6 24. Rxe6+ Kxe6 25. a4 Kd5 26. Nd2 Kc5 27. f3
b4# {White checkmated} 0-1